Map: Lightshade LE

Players

Neeb

  • Race: Protoss Protoss
  • Spawn Location: 11:00

Serral - Winner!

  • Race: Zerg Zerg
  • Spawn Location: 5:00

Event: DreamHack SC2 Masters 2020 Winter

VOD

Have the link to the VOD?

Description

Time

  • Played on: Nov. 15, 2020, 8:53 a.m.
  • Length: 14:50

All games in this series

Show
View Real Time Build Order
Export as new Build Order

Neeb Protoss 

Build Orders: Oracle Opening 

Get SALT Encoding   

  12  0:00  Probe  
  13  0:12  Probe  
  14  0:20  Pylon  
  14  0:24  Probe  
  15  0:38  Probe (Chrono Boost)  
  15  0:40  Gateway  
  16  0:47  Probe (Chrono Boost)  
  17  0:50  Assimilator  
  17  0:52  Probe (Chrono Boost)  
  18  1:04  Probe  
  20  1:19  Pylon  
  20  1:20  Gateway  
  20  1:25  Zealot (Chrono Boost)  
  20  1:28  Cybernetics Core  
  20  1:32  Probe  
  22  1:44  Zealot, Probe  
  25  1:48  Assimilator  
  25  1:54  Pylon  
  25  2:03  Probe  
  25  2:07  Adept (Chrono Boost)  
  30  2:18  Shield Battery  
  24  2:31  Nexus  
  24  2:38  Stargate  
  24  2:41  Probe  
  25  2:47  Adept  
  27  2:53  Probe  
  28  3:04  Warp Gate  
  28  3:05  Probe (Chrono Boost)  
  29  3:10  Gateway  
  29  3:17  Probe (Chrono Boost), Void Ray (Chrono Boost)  
  30  3:24  Probe (Chrono Boost)  
  35  3:34  Probe  
  35  3:35  Pylon  
  36  3:43  Probe  
  36  3:47  Probe  
  38  3:54  Oracle (Chrono Boost)  
  42  3:55  Probe  
  42  3:59  Probe  
  43  4:07  Probe (Chrono Boost)  
  42  4:13  Probe (Chrono Boost)  
  42  4:14  Assimilator  
  42  4:17  Assimilator  
  43  4:19  Probe (Chrono Boost)  
  43  4:22  Stargate  
  45  4:27  Probe x2 (Chrono Boost)  
  46  4:33  Phoenix  
  46  4:34  Probe  
  46  4:35  Probe  
  50  4:45  Pylon  
  50  4:46  Probe (Chrono Boost)  
  50  4:52  Adept x2, Probe (Chrono Boost)  
  56  4:57  Probe (Chrono Boost)  
  56  4:58  Phoenix  
  60  5:01  Probe (Chrono Boost)  
  60  5:05  Phoenix  
  62  5:14  Probe x2  
  62  5:20  Nexus  
  64  5:26  Phoenix, Probe  
  67  5:31  Phoenix  
  67  5:33  Probe  
  70  5:40  Probe  
  67  5:43  Pylon  
  67  5:45  Probe  
  67  5:46  Adept  
  70  5:54  Pylon  
  70  6:01  Phoenix x2 (Chrono Boost), Probe  
  70  6:02  Probe  
  76  6:10  Shield Battery  
  76  6:13  Probe  
  76  6:17  Probe  
  76  6:18  Phoenix x2 (Chrono Boost)  
  78  6:23  Sentry  
  84  6:27  Robotics Facility  
  84  6:29  Robotics Facility  
  84  6:30  Probe (Chrono Boost)  
  86  6:35  Shield Battery, Probe (Chrono Boost)  
  86  6:37  Probe (Chrono Boost)  
  87  6:43  Probe (Chrono Boost)  
  87  6:46  Probe (Chrono Boost)  
  90  6:48  Probe x2 (Chrono Boost)  
  90  6:51  Probe (Chrono Boost)  
  90  6:53  Assimilator  
  90  6:54  Assimilator  
  92  6:56  Probe  
  92  6:57  Probe  
  98  7:03  Pylon  
  98  7:04  Probe  
  98  7:07  Pylon  
  95  7:11  Forge, Pylon  
  95  7:16  Twilight Council  
  95  7:18  Void Ray (Chrono Boost)  
  95  7:19  Probe  
  95  7:20  Probe  
  97  7:23  Void Ray (Chrono Boost)  
  97  7:25  Immortal x2  
  109  7:30  Probe  
  114  7:37  Protoss Ground Weapons Level 1 (Chrono Boost)  
  114  7:47  Gateway  
  114  7:48  Gateway  
  114  7:50  Void Ray  
  114  7:53  Void Ray  
  122  8:05  Gateway  
  122  8:06  Gateway  
  122  8:08  Pylon  
  122  8:10  Observer  
  123  8:13  Pylon  
  123  8:14  Pylon  
  123  8:16  Pylon  
  123  8:19  Charge  
  123  8:23  Photon Cannon  
  123  8:26  Protoss Air Weapons Level 1  
  123  8:27  Immortal (Chrono Boost)  
  127  8:29  Fleet Beacon  
  127  8:34  Sentry  
  129  8:46  Immortal (Chrono Boost)  
  133  8:49  Nexus  
  133  8:54  Templar Archives  
  133  8:55  Pylon  
  133  8:56  Pylon  
  133  8:59  Probe x2  
  133  9:00  Probe  
  136  9:02  Void Ray  
  136  9:03  Immortal (Chrono Boost)  
  144  9:15  Photon Cannon  
  144  9:16  Shield Battery  
  139  9:24  Flux Vanes  
  139  9:27  Immortal  
  139  9:29  Pylon  
  139  9:30  Pylon  
  142  9:36  Protoss Ground Weapons Level 2  
  142  9:39  Zealot x6  
  154  9:45  Void Ray  
  154  9:46  Void Ray  
  162  10:18  Zealot x3  
  162  10:19  Zealot x3  
  169  10:23  Void Ray  
  169  10:32  Nexus  
  173  10:36  Pylon  
  173  10:37  Pylon  
  161  10:48  Void Ray  
  161  10:49  Pylon  
  159  10:50  Pylon  
  171  10:57  Immortal x2  
  171  11:01  Void Ray  
  171  11:04  High Templar  
  171  11:10  Pylon  
  177  11:11  High Templar  
  177  11:13  Pylon  
  179  11:18  Archon  
  179  11:21  High Templar x2  
  179  11:24  Zealot x2  
  171  11:37  Immortal (Chrono Boost)  
  175  11:41  Archon  
  165  11:47  High Templar x2, Warp Prism (Chrono Boost)  
  165  11:49  Zealot x2  
  165  11:52  Archon  
  173  11:57  Zealot x2  
  177  12:02  Gateway  
  177  12:05  Photon Cannon, Gateway  
  177  12:08  Photon Cannon  
  177  12:18  High Templar x2, Zealot x2  
  177  12:21  Zealot  
  177  12:22  Archon, Zealot  
  187  12:42  Zealot x4  
  183  12:52  Warp Prism  
  183  12:55  Observer  
  186  13:01  High Templar x4  
  186  13:02  Zealot  
  186  13:03  Zealot x2  
  200  13:06  Archon x2  
  190  13:26  Zealot  
  167  13:27  Zealot x3  
  153  13:37  Immortal x2  
  113  13:56  Zealot x5  
  113  13:57  Zealot x3  
  112  14:06  Pylon  
  96  14:20  Stalker x2  
  96  14:21  Stalker x6  
  88  14:32  Nexus  
  88  14:44  High Templar x6  
Show
View Real Time Build Order
Export as new Build Order

Serral Zerg - Winner!

Build Orders: Pool First 

Get SALT Encoding   

  12  0:17  Spawning Pool  
  11  0:22  Drone  
  11  0:28  Drone  
  13  0:31  Drone  
  14  0:39  Overlord  
  14  1:04  Zergling x4  
  16  1:05  Zergling x2  
  19  1:14  Hatchery  
  19  1:18  Zergling x2  
  17  1:26  Zergling x2  
  18  1:34  Queen  
  18  1:38  Drone  
  21  1:47  Overlord  
  21  1:59  Drone  
  22  2:09  Queen  
  22  2:11  Drone  
  25  2:21  Drone  
  23  2:26  Drone  
  23  2:28  Queen  
  26  2:31  Drone  
  27  2:37  Drone  
  27  2:44  Drone x3  
  31  2:47  Overlord  
  31  2:49  Drone  
  32  2:55  Drone  
  32  2:58  Extractor  
  32  2:59  Drone  
  33  3:09  Drone  
  34  3:14  Hatchery  
  34  3:17  Drone  
  34  3:26  Zergling x4  
  36  3:27  Queen  
  36  3:32  Overlord  
  38  3:35  Drone  
  38  3:39  Drone x2  
  41  3:42  Drone  
  41  3:45  Drone  
  43  3:50  Overlord  
  43  3:55  Overlord  
  43  3:56  Drone  
  43  3:57  Drone  
  43  4:06  Drone x3  
  43  4:09  Drone x2  
  46  4:16  Metabolic Boost  
  46  4:18  Zergling x2  
  46  4:20  Drone  
  46  4:23  Spore Crawler  
  47  4:25  Spore Crawler  
  47  4:28  Queen  
  47  4:31  Drone  
  49  4:32  Drone  
  49  4:34  Drone  
  49  4:37  Drone  
  49  4:38  Drone  
  53  4:41  Drone x2  
  53  4:43  Drone  
  56  4:49  Drone x3  
  56  4:52  Spore Crawler  
  58  4:53  Drone  
  59  5:00  Zergling x2  
  59  5:01  Roach Warren  
  59  5:03  Overlord  
  59  5:04  Zergling x2  
  57  5:07  Spore Crawler, Extractor  
  57  5:11  Drone x3  
  57  5:13  Drone  
  57  5:14  Drone x2  
  61  5:18  Drone x2  
  61  5:20  Drone x2  
  65  5:24  Lair  
  65  5:27  Drone x2  
  67  5:31  Drone x2  
  67  5:33  Drone x2  
  71  5:36  Overlord  
  71  5:38  Drone  
  71  5:41  Drone  
  71  5:44  Extractor  
  71  5:45  Extractor  
  71  5:46  Zergling x4  
  70  5:52  Overlord  
  70  5:53  Extractor x2  
  70  5:54  Drone x5  
  70  5:55  Drone x2  
  75  6:01  Evolution Chamber, Overlord  
  73  6:04  Drone  
  73  6:09  Overlord  
  73  6:10  Drone x2  
  76  6:19  Drone x2  
  76  6:21  Extractor  
  76  6:23  Glial Reconstitution  
  76  6:24  Queen x3  
  83  6:28  Spire  
  83  6:30  Drone x2  
  83  6:31  Spore Crawler  
  83  6:32  Spore Crawler  
  83  6:33  Drone x2  
  83  6:37  Drone x2, Spore Crawler  
  85  6:42  Spore Crawler  
  85  6:43  Drone  
  85  6:44  Drone x2  
  85  6:45  Drone  
  85  6:47  Drone  
  89  6:49  Overlord  
  89  6:51  Drone  
  89  6:53  Overlord  
  88  6:55  Overlord  
  88  6:56  Drone  
  88  6:59  Overlord  
  89  7:06  Overlord  
  89  7:08  Overlord x3  
  89  7:10  Overlord  
  88  7:19  Drone x4  
  89  7:23  Hatchery  
  88  7:40  Zerg Missile Weapons Level 1  
  87  7:45  Corruptor x6  
  99  7:57  Corruptor x3  
  103  8:04  Drone x4  
  104  8:11  Corruptor  
  106  8:13  Baneling Nest  
  106  8:17  Roach x4  
  113  8:25  Roach x5  
  123  8:30  Burrow  
  123  8:36  Roach x5  
  133  8:46  Roach x6  
  144  8:49  Zergling x6  
  144  8:53  Ravager x7  
  154  8:58  Zergling x2  
  154  8:59  Zergling x8  
  154  9:01  Overlord  
  159  9:04  Overlord  
  159  9:05  Ravager x2  
  159  9:08  Zergling x8  
  165  9:20  Corruptor x3  
  168  9:25  Drone x5  
  168  9:27  Extractor x2  
  170  9:35  Drone x2, Zerg Flyer Weapons Level 1  
  172  9:39  Drone  
  172  9:43  Corruptor x2  
  177  9:49  Corruptor  
  178  9:57  Zergling x2  
  178  9:58  Zergling x12  
  183  10:03  Centrifical Hooks  
  183  10:05  Overlord  
  183  10:06  Overlord  
  183  10:07  Overlord  
  183  10:09  Overlord  
  183  10:11  Zerg Melee Weapons Level 1  
  183  10:21  Corruptor x3  
  178  10:24  Zergling x14  
  180  10:29  Roach x3  
  164  10:46  Corruptor x5  
  172  10:52  Drone x7  
  172  10:55  Baneling x5  
  179  10:59  Corruptor  
  181  11:06  Corruptor x2, Ravager x2  
  187  11:13  Zergling x14  
  194  11:21  Zergling x12  
  184  11:35  Roach x4, Zergling x8  
  184  11:36  Zergling x10  
  192  11:44  Overlord  
  192  11:46  Corruptor x4  
  177  11:51  Corruptor x2  
  187  11:58  Hatchery  
  184  12:02  Hydralisk Den  
  184  12:05  Ravager x6  
  184  12:08  Baneling x3  
  189  12:09  Zergling x10  
  194  12:15  Zerg Missile Weapons Level 2  
  194  12:19  Zergling x10  
  194  12:22  Baneling x6  
  199  12:27  Baneling x4  
  193  12:42  Zergling x20  
  199  12:47  Baneling  
  199  12:48  Baneling x9  
  199  12:50  Zergling x2  
  199  12:51  Zergling x6  
  200  12:55  Baneling x11  
  199  13:16  Zergling x14  
  193  13:23  Zergling x26  
  186  13:29  Roach x3, Zergling x16  
  174  13:36  Roach  
  174  13:37  Roach x3  
  174  13:41  Baneling x5  
  169  13:42  Ravager  
  169  13:44  Drone  
  169  13:46  Roach  
  169  13:47  Roach x4, Zergling x2  
  172  13:53  Zergling x4  
  157  14:02  Zergling x8  
  147  14:07  Roach x2, Zergling x8  
  124  14:14  Zergling x2  
  117  14:19  Zergling x6  
Tags
 
Add a new tag
Caveats
  • Supply blocks, unpowered buildings, or Contaminate may cause inaccurate times.
  • Supply counts are checked every 10 seconds.